 Dungeon Crawl Stone Soup version 0.17.1-1-g73c8601 (webtiles) character file.

91105 shmeve the Warrior (level 15, -3/143 HPs)
             Began as a Minotaur Berserker on Apr 14, 2016.
             Was a High Priest of Trog.
             Slain by a titanic slime creature (5 damage)
             ... on level 1 of the Pits of Slime.
             The game lasted 01:06:55 (20369 turns).

shmeve the Warrior (Minotaur Berserker)            Turns: 20369, Time: 01:06:55

Health: -3/143     AC: 25    Str: 26    XL:     15   Next: 54%
Magic:  14/14      EV: 12    Int:  5    God:    Trog [*****.]
Gold:   1480       SH:  7    Dex: 12    Spells: 0 memorised, 14 levels left

rFire  + + .     SeeInvis .     v - +6 war axe "Nulorch" {drain, rN+}
rCold  . . .     Clarity  .     D - +3 plate armour {rN+}
rNeg   + + .     SustAt   .     F - +0 buckler
rPois  +         Gourm    .     (helmet restricted)
rElec  .         Spirit   .     B - +2 cloak
rCorr  +         Warding  .     x - +0 pair of gloves
rMut   .         Stasis   .     k - +0 pair of boots
MR     +....                    o - amulet of Esacos {rCorr rF+ Int+3}
Stlth  ..........               G - ring of poison resistance
                                s - ring of protection from fire

@: somewhat resistant to hostile enchantments, extremely unstealthy
A: retaliatory headbutt, horns 2, dopey 1
a: Berserk, Trog's Hand, Brothers in Arms, Burn Spellbooks, Renounce Religion


You were on level 1 of the Pits of Slime.
You worshipped Trog.
Trog was extremely pleased with you.
You were not hungry.

You visited 5 branches of the dungeon, and saw 26 of its levels.
You also visited: Labyrinth.

You collected 2426 gold pieces.
You spent 946 gold pieces at shops.

Inventory:

Hand Weapons
 q - a +7 hand axe of flaming
 v - the +6 war axe "Nulorch" (weapon) {drain, rN+}
   (You found it on level 7 of the Lair of Beasts)

   A truly terrible weapon, it drains the life of those it strikes.
   It protects you from negative energy.
Missiles
 h - 8 silver javelins
 n - 18 javelins of penetration
 t - 2 poisoned javelins (quivered)
Armour
 k - a +0 pair of boots (worn)
 x - a +0 pair of gloves (worn)
 B - a +2 cloak (worn)
 D - a +3 plate armour of positive energy (worn)
 F - a +0 buckler (worn)
Jewellery
 o - the amulet of Esacos (around neck) {rCorr rF+ Int+3}
   (You took it off a minotaur in a labyrinth)

   [amulet of resist corrosion]

   It protects you from acid and corrosion.
   It affects your intelligence (+3).
   It protects you from fire.
 s - a ring of protection from fire (left hand)
 w - an uncursed amulet of regeneration
 G - a ring of poison resistance (right hand)
 I - the amulet "Achixe" {Clar Str+4}
   (You found it in a labyrinth)

   [amulet of clarity]

   It provides mental clarity.
   It affects your strength (+4).
Wands
 y - a wand of heal wounds (5)
Scrolls
 a - 7 scrolls of identify
 d - 3 scrolls of recharging
 e - 16 scrolls of remove curse
 i - 4 scrolls of magic mapping
 j - 6 scrolls of teleportation
 m - 6 scrolls of enchant armour
 H - 2 scrolls of fear
 J - a scroll of silence
Potions
 b - 3 potions of might
 f - 5 potions of agility
 g - 5 potions of curing
 l - 2 potions of flight
 z - 2 potions of brilliance
 C - 3 potions of heal wounds
 E - 3 potions of haste
Miscellaneous
 A - a lamp of fire
Comestibles
 c - 14 bread rations
 p - 23 beef jerkies
 u - 7 meat rations


   Skills:
 * Level 15.8 Fighting
 * Level 15.6 Axes
 + Level 9.6 Throwing
 + Level 12.1 Armour
 + Level 10.9 Dodging
 * Level 14.5 Shields


You had 14 spell levels left.
You didn't know any spells.

Dungeon Overview and Level Annotations

Branches:
Dungeon (12/15)            Temple (1/1) D:4            Lair (8/8) D:8
  Swamp (0/4) Lair:6        Snake (0/4) Lair:5        Slime (1/6) Lair:7
    Orc (4/4) D:11
    Elf: Orc:3-4

Altars:
Ashenzari
Cheibriados
Dithmenos
Elyvilon
Fedhas
Gozag
Kikubaaqudgha
Makhleb
Nemelex Xobeh
Okawaru
Qazlal
Ru
Sif Muna
Trog
Vehumet
Xom
Yredelemnul
Zin
The Shining One
Beogh

Shops:
Orc:2 ?   Orc:3 (   Orc:4 ?!}(

Portals:
Pandemonium: Orc:4

Annotations:
Lair:1 exclusion: oklob plant


Innate Abilities, Weirdness & Mutations

You reflexively headbutt those who attack you in melee.
You have a pair of horns on your head.
You are dopey. (Int -2)


Message History

The wall burns you! You resist.
* * * LOW HITPOINT WARNING * * *
You feel less confused.
You block the large slime creature's attack.
You slice the enormous slime creature!!
The enormous slime creature is heavily wounded.
You hit the slime creature. You drain the slime creature!
The slime creature is heavily wounded.
You slash the very large slime creature!
You drain the very large slime creature!
The very large slime creature is heavily wounded.
You hit the large slime creature but do no damage.
The large slime creature is heavily wounded.
You hit the titanic slime creature.
The titanic slime creature is moderately wounded.
The wall burns you! You resist.
* * * LOW HITPOINT WARNING * * *
The slime creature hits you but does no damage.
The titanic slime creature hits you.
You die...

...........
...........
...........
..........#
........J.##
...........#
...#.....J###
#......#@J..##
#......JJJ...##
#.......J.....##
...##...<......#
# #...J......##
##.#.#.....#
####.J...##
J...#.# .......#


You could see an acid blob, a titanic slime creature, an enormous slime
creature, a very large slime creature, a large slime creature, 3 slime creatures
and a jelly.

Vanquished Creatures
  Kirke (D:12)
  Maud (Lair:8)
  An orc warlord (Orc:2)
  An ettin (Orc:4)
  A minotaur (Lab)
  Erolcha (D:10)
  Harold (Lair:1)
  3 hydras
  The ghost of adelrune the Cruncher, a novice MiGl of Okawaru (D:8)
  11 death yaks
  The ghost of glanitos the Slicer, a novice DgFi (D:10)
  10 orc high priests (Orc:4)
  The ghost of om the Nimble, a novice CeHu of Ru (Lair:1)
  Urug (Lair:2)
  A fire crab (Lair:8)
  3 hill giants
  A torturous demonspawn (Orc:4)
  4 orc knights (Orc:4)
  A lindwurm (Lair:6)
  An orc sorcerer (Orc:2)
  A wolf spider (Lair:8)
  An ugly thing (D:11)
  A griffon (Lair:7)
  A sixfirhy (Orc:4)
  Maurice (D:11)
  2 hornets (Lair:8)
  22 elephants
  8 black mambas
  A guardian serpent (Lair:8)
  A torpor snail (Lair:5)
  A centaur skeleton (D:10)
  4 gargoyles (Lab)
  A smoke demon (Orc:4)
  21 spiny frogs
  A hellwing (Orc:4)
  3 komodo dragons
  2 blue devils (Orc:4)
  A troll (D:12)
  A merfolk (D:9)
  4 two-headed ogres
  9 polar bears
  2 slime creatures (Lair:7)
  A boulder beetle (Lair:8)
  A raiju (Lair:8)
  A shadow (D:11)
  Sigmund (D:3)
  20 blink frogs
  31 yaks
  4 hogs (D:12)
  3 deep elf magi
  Eustachio (D:5)
  3 wraiths
  A hungry ghost (D:11)
  Grum (Lair:1)
  A golden eye (Slime:1)
  6 wyverns
  A basilisk (Lair:1)
  A steam dragon (D:9)
  10 hippogriffs
  Menkaure (D:5)
  A neqoxec (Orc:4)
  18 wolves
  6 swamp worms (Lair:6)
  3 nagas (Lair:5)
  4 hell hounds (Lair:8)
  9 wargs
  A soldier ant (D:10)
  10 porcupines
  Duvessa (D:7)
  23 water moccasins
  3 necrophages
  4 spiders (Lair:8)
  A phantom (D:9)
  14 ice beasts
  12 black bears (Lair:8)
  2 wasps (Lair:8)
  An eye of draining (D:10)
  3 sky beasts
  20 orc warriors
  3 centaurs
  8 ogres
  15 giant frogs
  14 crocodiles
  2 wyvern skeletons
  A water moccasin zombie (D:9)
  Dowan (D:7)
  4 scorpions
  7 wights
  2 electric eels
  19 hounds
  2 giant frog zombies
  27 orc priests
  2 crimson imps
  2 gnoll shamans
  5 jellies
  Crazy Yiuf (D:7)
  3 human zombies (D:7)
  A quasit (D:11)
  Ijyb (D:3)
  11 iguanas
  26 orc wizards
  Jessica (D:3)
  2 human skeletons (D:7)
  13 worker ants
  2 killer bee zombies
  20 sheep
  A mummy (D:7)
  3 hound skeletons
  14 adders
  21 gnolls
  21 river rats
  4 shadow imps
  4 worms
  An adder skeleton (D:5)
  4 giant geckos
  125 orcs
  7 bats
  5 giant cockroaches
  7 hobgoblins
  17 jackals
  4 kobolds (D:1)
  A quokka (D:9)
  4 ball pythons
  5 giant newts
  11 goblins
  A jackal zombie (D:5)
  An orc zombie (D:7)
  A quokka skeleton (D:8)
  18 rats
  10 fungi
  6 plants
850 creatures vanquished.

Vanquished Creatures (collateral kills)
  A torturous demonspawn (Orc:4)
  An orc sorcerer (Orc:4)
  A blue devil (Orc:4)
3 creatures vanquished.

Vanquished Creatures (others)
  23 fungi (Lair:8)
  23 plants
46 creatures vanquished.

Grand Total: 899 creatures vanquished

Notes
Turn   | Place    | Note
--------------------------------------------------------------
     0 | D:1      | shmeve the Minotaur Berserker began the quest for the Orb.
     0 | D:1      | Reached XP level 1. HP: 19/19 MP: 0/0
    73 | D:1      | Reached XP level 2. HP: 25/27 MP: 1/1
   242 | D:1      | Reached skill level 4 in Fighting
   471 | D:1      | Reached ** piety under Trog
   471 | D:1      | Reached XP level 3. HP: 26/34 MP: 2/2
  1064 | D:2      | Reached skill level 1 in Throwing
  1066 | D:2      | Found a snail-covered altar of Cheibriados.
  1462 | D:3      | Noticed Jessica
  1471 | D:3      | Killed Jessica
  1471 | D:3      | Reached XP level 4. HP: 39/41 MP: 3/3
  1493 | D:3      | Noticed Sigmund
  1497 | D:3      | Noticed Ijyb
  1514 | D:3      | Killed Sigmund
  1514 | D:3      | Reached skill level 5 in Fighting
  1514 | D:3      | Reached skill level 5 in Axes
  1514 | D:3      | Reached XP level 5. HP: 19/48 MP: 4/4
  1515 | D:3      | Killed Ijyb
  1515 | D:3      | Reached XP level 6. HP: 22/56 MP: 5/5
  2527 | D:3      | Found a shimmering altar of Xom.
  2691 | D:4      | Reached *** piety under Trog
  2716 | D:4      | Found an opulent altar of Gozag.
  3004 | D:4      | Reached skill level 6 in Fighting
  3055 | D:4      | Found a staircase to the Ecumenical Temple.
  3062 | Temple   | Entered the Ecumenical Temple
  3241 | D:4      | Found a deep blue altar of Sif Muna.
  3423 | D:4      | Found a burning altar of Makhleb.
  3667 | D:5      | Entered Level 5 of the Dungeon
  3738 | D:5      | Noticed Menkaure
  3740 | D:5      | Killed Menkaure
  3740 | D:5      | Reached XP level 7. HP: 44/64 MP: 6/6
  3758 | D:5      | Noticed Eustachio
  3798 | D:5      | Killed Eustachio
  3798 | D:5      | Reached skill level 7 in Fighting
  3953 | D:5      | Reached XP level 8. HP: 60/73 MP: 7/7
  3963 | D:5      | Reached skill level 5 in Armour
  4545 | D:5      | Noticed a moth of wrath
  4548 | D:5      | Found a bloodstained altar of Trog.
  4833 | D:6      | Reached skill level 8 in Fighting
  4843 | D:6      | Reached skill level 5 in Dodging
  5020 | D:6      | Reached XP level 9. HP: 15/82 MP: 8/8
  5267 | D:6      | Reached **** piety under Trog
  5677 | D:7      | Noticed Dowan
  5686 | D:7      | Killed Dowan
  5686 | D:7      | Reached skill level 9 in Fighting
  5687 | D:7      | Noticed Duvessa
  5697 | D:7      | Killed Duvessa
  6229 | D:7      | Found an ancient bone altar of Kikubaaqudgha.
  6486 | D:7      | Reached skill level 10 in Fighting
  6681 | D:7      | Noticed Crazy Yiuf
  6686 | D:7      | Killed Crazy Yiuf
  6786 | D:8      | Received a gift from Trog
  6807 | D:8      | Found a staircase to the Lair.
  6826 | D:8      | Reached XP level 10. HP: 65/93 MP: 9/9
  6880 | D:8      | Found a white marble altar of Elyvilon.
  6923 | D:8      | Found an iron altar of Okawaru.
  6926 | D:8      | Found a glowing silver altar of Zin.
  6940 | D:8      | Reached skill level 5 in Throwing
  6978 | D:8      | Noticed adelrune's ghost (novice MiGl)
  6989 | D:8      | Killed adelrune's ghost
  6989 | D:8      | Reached skill level 10 in Axes
  7493 | Lair:1   | Entered Level 1 of the Lair of Beasts
  7511 | Lair:1   | Reached skill level 11 in Fighting
  7513 | Lair:1   | Noticed om's ghost (novice CeHu)
  7540 | Lair:1   | Killed om's ghost
  7540 | Lair:1   | Reached XP level 11. HP: 78/102 MP: 10/10
  7627 | Lair:1   | Reached ***** piety under Trog
  7808 | Lair:1   | Noticed Harold
  7827 | Lair:1   | Killed Harold
  7854 | Lair:1   | Received a gift from Trog
  7908 | Lair:1   | Reached skill level 12 in Fighting
  7912 | Lair:1   | Noticed Grum
  7921 | Lair:1   | Killed Grum
  7999 | Lair:1   | Noticed an oklob plant
  8899 | Lair:2   | Noticed Urug
  8908 | Lair:2   | Killed Urug
  9466 | Lair:3   | Reached XP level 12. HP: 113/113 MP: 3/11
 10034 | Lair:4   | Received a gift from Trog
 10034 | Lair:4   | Reached skill level 13 in Fighting
 10237 | Lair:4   | Gained mutation: Your body sometimes deteriorates upon taking damage. [potion of mutation]
 10237 | Lair:4   | Gained mutation: You are weak. (Str -2) [potion of mutation]
 10237 | Lair:4   | Gained mutation: You are very weak. (Str -4) [potion of mutation]
 10253 | Lair:4   | Reached skill level 1 in Shields
 10329 | Lair:4   | Received a gift from Trog
 10851 | Lair:5   | Reached skill level 5 in Shields
 10946 | Lair:5   | Found a staircase to the Snake Pit.
 10979 | Lair:5   | Received a gift from Trog
 11064 | Lair:5   | Reached skill level 10 in Shields
 11674 | Lair:5   | Reached XP level 13. HP: 122/122 MP: 12/12
 11849 | Lair:6   | Reached skill level 10 in Armour
 12458 | Lair:6   | Found a staircase to the Swamp.
 12819 | Lair:7   | Got an ichor-stained war axe
 12828 | Lair:7   | Found a staircase to the Slime Pits.
 12860 | Lair:7   | Identified the +6 war axe "Nulorch" {drain, rN+} (You found it on level 7 of the Lair of Beasts)
 12980 | Lair:7   | Received a gift from Trog
 13407 | Lair:8   | Entered Level 8 of the Lair of Beasts
 13464 | Lair:8   | Found a frozen archway.
 13500 | Lair:8   | Received a gift from Trog
 13529 | Lair:8   | Reached skill level 14 in Fighting
 13731 | Lair:8   | Paralysed by a hornet for 3 turns
 13738 | Lair:8   | Paralysed by a hornet for 2 turns
 13740 | Lair:8   | Received a gift from Trog
 13970 | Lair:8   | Reached XP level 14. HP: 120/132 MP: 13/13
 14067 | Lair:8   | Received a gift from Trog
 14252 | Lair:8   | Received a gift from Trog
 14601 | Lair:8   | Noticed Maud
 14616 | Lair:8   | Killed Maud
 14664 | Lair:8   | Reached skill level 10 in Dodging
 15100 | Lair:7   | Reached ****** piety under Trog
 15396 | D:9      | Received a gift from Trog
 15604 | D:9      | Received a gift from Trog
 15729 | D:9      | Reached skill level 15 in Fighting
 15980 | D:10     | Entered Level 10 of the Dungeon
 15985 | D:10     | Noticed Erolcha
 15997 | D:10     | Killed Erolcha
 16048 | D:10     | Noticed glanitos's ghost (novice DgFi)
 16060 | D:10     | Killed glanitos's ghost
 16658 | D:11     | Noticed Maurice
 16670 | D:11     | Killed Maurice
 16741 | D:11     | Reached skill level 15 in Axes
 17094 | D:11     | Found a radiant altar of Vehumet.
 17271 | D:11     | Found a staircase to the Orcish Mines.
 17285 | D:11     | Found a roughly hewn altar of Beogh.
 17401 | Orc:1    | Entered Level 1 of the Orcish Mines
 17567 | Orc:1    | Found a dark tunnel.
 17665 | Orc:1    | Received a gift from Trog
 17904 | Orc:2    | Noticed an orc warlord
 17918 | Orc:2    | Killed an orc warlord
 17948 | Orc:2    | Found Curunyt's Magic Scroll Boutique.
 17979 | Orc:2    | Bought a scroll of teleportation for 39 gold pieces
 17979 | Orc:2    | Bought 3 scrolls of enchant armour for 292 gold pieces
 17979 | Orc:2    | Bought a scroll of identify for 26 gold pieces
 17979 | Orc:2    | Bought a scroll of identify for 26 gold pieces
 17979 | Orc:2    | Bought a scroll of enchant armour for 97 gold pieces
 17979 | Orc:2    | Bought a scroll of identify for 26 gold pieces
 18175 | Orc:3    | Found Kanun's Weapon Shop.
 18256 | Orc:4    | Entered Level 4 of the Orcish Mines
 18292 | Orc:4    | Reached XP level 15. HP: 74/141 MP: 14/14
 18703 | Orc:4    | Found Zougot's Magic Scroll Boutique.
 18705 | Orc:4    | Found Eshree's Distillery.
 18726 | Orc:4    | Received a gift from Trog
 18820 | Orc:4    | Bought a potion of cure mutation for 385 gold pieces
 18820 | Orc:4    | Bought a potion of heal wounds for 55 gold pieces
 18820 | Orc:4    | Lost mutation: You are very weak. (Str -4) [potion of cure mutation]
 18820 | Orc:4    | Lost mutation: Your body sometimes deteriorates upon taking damage. [potion of cure mutation]
 18820 | Orc:4    | Lost mutation: You are weak. (Str -2) [potion of cure mutation]
 18890 | Orc:4    | Gained mutation: You are dopey. (Int -2) [a neqoxec]
 19155 | Orc:4    | Found Hionnir's Antique Weapon Shoppe.
 19155 | Orc:4    | Found Taxoqut's Gadget Emporium.
 19156 | Orc:4    | Found a one-way gate leading to the halls of Pandemonium.
 19343 | Orc:4    | Received a gift from Trog
 19662 | D:12     | Noticed Kirke
 19673 | D:12     | Killed Kirke
 19766 | D:12     | Received a gift from Trog
 19797 | D:12     | Found a labyrinth entrance.
 19831 | Lab      | Entered a labyrinth
 19939 | Lab      | Got a slimy silver amulet
 19942 | Lab      | Got a warped jade amulet
 19961 | D:12     | Identified the amulet of Esacos {rCorr rF+ Int+3} (You took it off a minotaur in a labyrinth)
 19962 | D:12     | Identified the amulet "Achixe" {Clar Str+4} (You found it in a labyrinth)
 20355 | Slime:1  | Entered Level 1 of the Pits of Slime
 20364 | Slime:1  | Noticed an acid blob
 20367 | Slime:1  | HP: 7/143 [enormous slime creature (57)]
 20369 | Slime:1  | HP: 2/143 [acid (3)]
 20369 | Slime:1  | Slain by a titanic slime creature

Action                   |  1- 3 |  4- 6 |  7- 9 | 10-12 | 13-15 || total
-------------------------+-------+-------+-------+-------+-------++-------
Melee: Hand axe          |    93 |   104 |   294 |   175 |   200 ||   866
       Battleaxe         |       |       |       |   259 |       ||   259
       War axe           |       |       |       |       |   996 ||   996
Throw: Javelin           |       |       |       |     9 |     9 ||    18
Invok: Trog's Hand       |     1 |     4 |     6 |     8 |    12 ||    31
       Burn Spellbooks   |     1 |     1 |     1 |       |     1 ||     4
       Berserk           |       |       |     2 |     8 |    12 ||    22
       Brothers in Arms  |       |       |       |       |     1 ||     1
  Use: Scroll            |       |     9 |     7 |    14 |    10 ||    40
       Potion            |       |     5 |     1 |     3 |     2 ||    11
 Stab: Sleeping          |     1 |       |       |       |       ||     1
  Eat: Chunk             |     2 |     6 |    33 |    23 |    37 ||   101
       Pizza             |       |       |     1 |       |     3 ||     4
       Royal jelly       |       |       |       |       |     2 ||     2
       Meat ration       |       |       |       |       |     2 ||     2
